 Dungeon Crawl Stone Soup version 0.26-a0-651-gb41185065b (webtiles) character file.

Game seed: 17291187934341886919

212 Ozzies the Skirmisher (level 5, -2/37 HPs)
             Began as a Gargoyle Fighter on Oct 14, 2020.
             Was an Initiate of Okawaru.
             Killed by divine providence
             ... invoked by an orc priest
              (11 damage)
             ... on level 3 of the Dungeon.
             The game lasted 00:03:02 (2019 turns).

Ozzies the Skirmisher (Gargoyle Fighter)            Turns: 2019, Time: 00:03:03

Health: -2/37      AC: 12    Str: 21    XL:     5   Next: 90%
Magic:  5/5        EV:  7    Int:  8    God:    Okawaru [......]
Gold:   65         SH:  9    Dex:  9    Spells: 4/4 levels left

rFire    . . .     SeeInvis .   a - +0 flail
rCold    . . .     Faith    .   c - +0 kite shield
rNeg     + . .     Spirit   .   b - +0 scale mail
rPois    ∞         Reflect  .   (no helmet)
rElec    +         Harm     .   (no cloak)
rCorr    .         Rampage  .   (no gloves)
MR       .....                  p - +0 pair of boots (curse)
Stlth    ..........             (no amulet)
HPRegen  0.12/turn              (no ring)
MPRegen  0.09/turn              (no ring)

@: no status effects
A: negative energy resistance 1, electricity resistance, unbreathing,
petrification resistance, rot immunity, AC +4
a: Renounce Religion


You were on level 3 of the Dungeon.
You worshipped Okawaru.
Okawaru was noncommittal.
You visited 1 branch of the dungeon, and saw 3 of its levels.

You collected 65 gold pieces.

Inventory:

Hand Weapons
 a - a +0 flail (weapon)
Armour
 b - a +0 scale mail (worn)
 c - a +0 kite shield (worn)
 p - a cursed +0 pair of boots (worn)
Jewellery
 s - an uncursed amulet of magic regeneration {unknown}
Wands
 r - a wand of random effects (19)
 t - a wand of polymorph (12)
 v - a wand of iceblast (4)
Scrolls
 e - 6 scrolls of identify {unknown}
 f - 3 scrolls of remove curse {unknown}
 g - a scroll of enchant armour {unknown}
 j - 4 scrolls of teleportation {unknown}
 m - a scroll of amnesia {unknown}
 n - a scroll of fear {unknown}
 u - a scroll of blinking {unknown}
Potions
 d - a potion of might {@q3 !q}
 h - 2 potions of stabbing {unknown}
 i - 2 potions of curing {unknown}
 k - a potion of brilliance {unknown}
 l - a potion of resistance {unknown}
 o - a potion of magic {unknown}
 q - a potion of lignification {unknown}


   Skills:
 + Level 6.7 Fighting
 * Level 2.6 Maces & Flails
 - Level 3.2 Armour
 - Level 3.2 Shields


You had 4 spell levels left.
You didn't know any spells.
Your spell library was empty.

Dungeon Overview and Level Annotations

Branches:
Dungeon (3/15)

Altars:
Ashenzari
Nemelex Xobeh
Okawaru


Innate Abilities, Weirdness & Mutations

You are resistant to torment.
Your stone body is resilient. (AC +4)
You are immune to poison.
You resist negative energy. (rN+)
You are resistant to electric shocks. (rElec)
You can survive without breathing.
You are immune to petrification.
You are immune to rotting.


Message History

No target in view!
No target in view!
j - 4 scrolls labeled HOZXAUPHOI (gained 1)
Things that are here:
a +0 club; a +0 leather armour You see here a dagger.
An orc priest comes into view.
The orc priest shouts!
You hear a shout!
You hear an angry hiss.
An orc priest comes into view. It is wielding a -3 club.
A ball python comes into view.
You hear a shout!
There are monsters nearby!
There are monsters nearby!
There are monsters nearby!
There are monsters nearby!
There are monsters nearby!
There are monsters nearby!
There are monsters nearby!
There are monsters nearby!
There are monsters nearby!
There are monsters nearby!
There are monsters nearby!
There are monsters nearby!
There are monsters nearby!
There are monsters nearby!
There are monsters nearby!
There are monsters nearby!
There are monsters nearby!
A worm, an orc and an orc wizard come into view.
The orc shouts!
The orc wizard shouts!
The orc priest invokes the aid of Beogh against you.
Beogh smites you!
A quokka comes into view.
The worm moves out of view.
The orc wizard moves out of view.
A rat comes into view.
The orc priest hits you but does no damage.
The orc wizard mumbles some strange words.
The orc wizard blinks!
You block the orc priest's attack.
Found an escape hatch in the ceiling.
You sock the orc priest!
The orc priest is severely wounded.
You block the ball python's attack. The ball python grabs you.
The ball python constricts you. The orc priest barely misses you.
The quokka twitches its whiskers.
The orc priest looks braver for a moment.
You block the ball python's attack. The ball python constricts you.
You closely miss the ball python. You block the orc priest's attack.
You block the ball python's attack. The ball python constricts you.
The orc priest calls upon Beogh to heal the orc priest.
The orc priest is healed somewhat.
The orc priest looks satisfied for a moment.
The orc hits you but does no damage. The ball python barely misses you.
The ball python constricts you.
You hit the ball python.
You kill the ball python!
Okawaru accepts your kill.
The orc priest calls upon Beogh to heal the orc priest.
The orc priest's wounds heal themselves!
The orc priest calls down the wrath of Beogh upon you.
Beogh smites you! The orc hits you but does no damage.
You block the quokka's attack.
You are too injured to fight recklessly!
You are too injured to fight recklessly!
You are too injured to fight recklessly!
You are too injured to fight recklessly!
You are too injured to fight recklessly!
You are too injured to fight recklessly!
You are too injured to fight recklessly!
You are too injured to fight recklessly!
You are too injured to fight recklessly!
You are too injured to fight recklessly!
You are too injured to fight recklessly!
You are too injured to fight recklessly!
You are too injured to fight recklessly!
You are too injured to fight recklessly!
You are too injured to fight recklessly!
You are too injured to fight recklessly!
You are too injured to fight recklessly!
You are too injured to fight recklessly!
You are too injured to fight recklessly!
You are too injured to fight recklessly!
You are too injured to fight recklessly!
You are too injured to fight recklessly!
The orc priest invokes the aid of Beogh against you.
Beogh smites you!
* * * LOW HITPOINT WARNING * * *
You closely miss the orc priest.
The orc priest casts a cantrip, but nothing happens.
The orc priest barely misses you.
The orc priest invokes the aid of Beogh against you.
Pain shoots through your body!
* * * LOW HITPOINT WARNING * * *
A bat comes into view.
Things that are here:
a +0 club; a +0 leather armour The bat completely misses you.
You see here a jackal corpse.
The orc priest mumbles some strange prayers to Beogh against you.
Beogh smites you!
You die...

.........#.......###.###..######.
##)##.⌠#.....#.# #.# #..>......
###....###...###.###'###.#######.
..#.....)...## #.........# #.
..#......#### #..##############.
..#####.## ###.####### .<......
........# #.......... .######.
##..##### #.#.###### ##### #.
#.## #.#@# ###...# #. #..##
##.#.# ###....## #. ##..######
#..#.####...>### #.
##......###.##†##...<### ##
######..##.#...#.#### #
##.#..#.#o#.# # #...##.#o### .
##..#..#r.# .. ...##.###.## ..


You could see an orc priest, an orc and a quokka.

Vanquished Creatures
  Jessica (D:2)
  Ijyb (D:3)
  Terence (D:2)
  6 adders
  An ooze (D:1)
  2 worms (D:2)
  A dart slug (D:2)
  A leopard gecko (D:1)
  An orc (D:3)
  2 giant cockroaches
  8 goblins
  7 hobgoblins
  12 jackals
  A quokka (D:2)
  A ball python (D:3)
  7 bats
  5 frilled lizards
  5 kobolds
  6 rats
69 creatures vanquished.

Notes
Turn   | Place    | Note
-------+----------+-------------------------------------------
     0 | D:1      | Ozzies the Gargoyle Fighter began the quest for the Orb.
     0 | D:1      | Reached XP level 1. HP: 14/14 MP: 1/1
   163 | D:1      | Reached XP level 2. HP: 20/20 MP: 2/2
   188 | D:1      | Reached skill level 4 in Fighting
   406 | D:1      | Reached XP level 3. HP: 20/24 MP: 3/3
   713 | D:2      | Noticed Jessica
   717 | D:2      | Killed Jessica
   717 | D:2      | Reached skill level 5 in Fighting
   730 | D:2      | Reached XP level 4. HP: 28/31 MP: 4/4
  1060 | D:2      | Reached skill level 6 in Fighting
  1196 | D:2      | Reached XP level 5. HP: 25/36 MP: 5/5
  1423 | D:2      | Found an iron altar of Okawaru.
  1430 | D:2      | Noticed Terence
  1440 | D:2      | Killed Terence
  1443 | D:2      | Became a worshipper of Warmaster Okawaru
  1843 | D:3      | Found a sparkling altar of Nemelex Xobeh.
  1879 | D:3      | Noticed Ijyb
  1880 | D:3      | Found a broken altar of Ashenzari.
  1909 | D:3      | Killed Ijyb
  2019 | D:3      | Killed from afar by an orc priest

Illustrated notes

Levels and vault maps discovered:
D:1:      mainiacjoe_arrival_reflecting_pool, layout_loops_ring,
          kennysheep_flooded_box, minmay_tromino_mix6
D:2:      layout_loops_ring, okawaru_metal_pillars_1_2, uniq_jessica,
          uniq_terence
D:3:      minmay_general_purpose_star, layout_rooms, lemuel_doored_altar,
          lemuel_round_altar, nicolae_overflow_crystal_walls,
          amethyst_overflow_temple_binary, evilmike_ruin_ashenzari, uniq_ijyb,
          uniq_natasha, uniq_crazy_yiuf_cottage

Skill      XL: |  1  2  3  4 |
---------------+-------------+-----
Fighting       | 4 5 6 |  6.7
Maces & Flails | |  2.6
Armour         | |  3.2
Shields        | |  3.2

Action                   |  1- 3 |  4- 6 || total
-------------------------+-------+-------++-------
Melee: Flail             |    60 |   204 ||   264
Armor: Scale mail        |    22 |   125 ||   147
Dodge: Dodged            |    19 |    90 ||   109
Block: Kite shield       |    24 |   135 ||   159

Table legend: (Time is in decaauts)
 A = Elapsed time spent in this place.
 B = Non-inter-level travel time spent in this place.
 C = Inter-level travel time spent in this place.
 D = Time resting spent in this place.
 E = Time spent auto-exploring this place.
 F = Levels seen in this place.
 G = Mean time per level.
                   A        B        C        D        E       F      G
               +--------+--------+--------+--------+--------+-----+--------+
         Total |   2119 |   2080 |     39 |      0 |   1520 |   3 |  706.3 |
       Dungeon |   2119 |   2080 |     39 |      0 |   1520 |   3 |  706.3 |
               +--------+--------+--------+--------+--------+-----+--------+

Top non-repeatable levels by time:
     D:2: 1114 daAuts
     D:1: 729 daAuts
     D:3: 275 daAuts
